 Dungeon Crawl Stone Soup version 0.21-a0-265-gb353147 (webtiles) character file.

51261 Profistyle the Fighter (level 14, 79/79 HPs)
             Began as a Vine Stalker Fighter on Sept 1, 2017.
             Was a High Priest of Makhleb.
             Quit the game on level 1 of the Orcish Mines on Sept 10, 2017.
             The game lasted 00:44:54 (15819 turns).

Profistyle the Fighter (Vine Stalker Fighter)      Turns: 15819, Time: 00:44:55

Health: 79/79      AC: 19    Str: 26    XL:     14   Next: 58%
Magic:  32/32      EV: 10    Int:  8    God:    Makhleb [*****.]
Gold:   1730       SH: 14    Dex: 16    Spells: 13/13 levels left

rFire    + . .     SeeInvis +   J - +9 whip "Tooddaezer" {venom, +Inv rElec rN+}
rCold    . . .     Gourm    .   c - +1 shield
rNeg     + . .     Faith    .   E - +2 plate armour "Veshurif" {MP+9}
rPois    .         Spirit   +   W - +2 hat "Weowosen" {+Inv Dex+2 SInv}
rElec    +         Reflect  .   q - scarf {repulsion}
rCorr    .         Harm     .   K - +2 pair of gloves
MR       +....                  S - +0 pair of boots
Stlth    ..........             (no amulet)
HPRegen  1.03/turn              g - ring of protection from fire
MPRegen  0.23/turn              w - +2 ring of slaying

@: repel missiles
A: fangs 3, see invisible, regeneration 2, strong 1, magic shield, antimagic
bite, no potion heal 3, rot immunity
a: Minor Destruction, Lesser Servant of Makhleb, Major Destruction, Greater
Servant of Makhleb, Renounce Religion, Evoke Invisibility


You were on level 1 of the Orcish Mines.
You worshipped Makhleb.
Makhleb was extremely pleased with you.
You were not hungry.

You visited 4 branches of the dungeon, and saw 19 of its levels.

You collected 1730 gold pieces.

Inventory:

Hand Weapons
 J - the +9 whip "Tooddaezer" (weapon) {venom, +Inv rElec rN+}
   (You found it on level 7 of the Dungeon)

   It poisons the flesh of those it strikes.
   It insulates you from electricity.
   It protects you from negative energy.
   It lets you turn invisible.
Armour
 c - a +1 shield (worn)
 q - a scarf of repulsion (worn)
 E - the +2 plate armour "Veshurif" (worn) {MP+9}
   (You found it on level 10 of the Dungeon)

   It affects your magic capacity (+9).
 K - a +2 pair of gloves (worn)
 S - a +0 pair of boots (worn)
 W - the +2 hat "Weowosen" (worn) {+Inv Dex+2 SInv}
   (You acquired it on level 5 of the Lair of Beasts)

   It affects your dexterity (+2).
   It lets you see invisible.
   It lets you turn invisible.
Jewellery
 g - a ring of protection from fire (left hand)
 w - a +2 ring of slaying (right hand)
Wands
 t - a wand of digging (24/24)
Scrolls
 h - a scroll of magic mapping
 i - 7 scrolls of fear
 o - 10 scrolls of remove curse
 r - a scroll of immolation
 z - 6 scrolls of teleportation
Potions
 e - 7 potions of curing
 n - a potion of agility
 v - 8 potions of haste
Comestibles
 a - 2 chunks of flesh
 f - 11 bread rations
 k - 10 royal jellies
 m - 13 meat rations
 s - 28 fruits


   Skills:
 + Level 11.9 Fighting
   Level 6.4 Short Blades
 + Level 10.0 Maces & Flails
 - Level 2.4 Armour
 + Level 6.5 Dodging
 - Level 10.7 Shields
 + Level 11.2 Invocations


You had 13 spell levels left.
You didn't know any spells.

Dungeon Overview and Level Annotations

Branches:
Dungeon (10/15)            Temple (1/1) D:6            Lair (6/6) D:9
  Swamp (0/4) Lair:4        Snake (0/4) Lair:4        Slime (0/5) Lair:6
    Orc (2/2) D:10            Elf (0/3) Orc:2

Altars:
Ashenzari
Cheibriados
Dithmenos
Elyvilon
Fedhas
Gozag
Hepliaklqana
Kikubaaqudgha
Makhleb
Nemelex Xobeh
Okawaru
Qazlal
Ru
Sif Muna
Trog
Uskayaw
Vehumet
Wu Jian
Xom
Yredelemnul
Zin
The Shining One
Beogh
Jiyva

Shops:
D:5 *   D:9 [   Orc:2 :

Annotations:
Lair:3 exclusion: 2 oklob plants


Innate Abilities, Weirdness & Mutations

You have razor-sharp teeth.
You heal very quickly.
When hurt, damage is shared between your health and your magic reserves.
Your bite disrupts and absorbs the magic of your enemies.
Potions cannot restore your health.
You are immune to rotting.
You have supernaturally acute eyesight. (SInv)
Your muscles are strong. (Str +2)


Message History

Makhleb accepts your kill.
You feel better.
No target in view!
You see here 3 large rocks.
You start resting.
HP restored.
You now have 1665 gold pieces (gained 27).
There is a stone staircase leading down, spattered with blood here.
You see here a large rock.
You now have 1684 gold pieces (gained 19).
You now have 1710 gold pieces (gained 26).
You now have 1730 gold pieces (gained 20).
You found an alarm trap!
Done exploring.
Done exploring.
Save game and exit?
Welcome back, Profistyle the Vine Stalker Fighter.
Blood and souls for Makhleb!
Press ? for a list of commands and other information.
Are you sure you want to abandon this character and quit the game? (Confirm with "yes".)

#.........#
#.....(...###
####...........#
##......(.#....##
#........##....#####
#.#...>.###........#
###.....###......###
#......#......##
#.#...@....^#.#
###.......#.###
##.#....### ####...#
#...### ##..# ####


There were no monsters in sight!

Vanquished Creatures
  Harold (Lair:1)
  5 hydras
  A catoblepas (Lair:6)
  Fannar (D:10)
  A deep troll shaman (Lair:6)
  2 two-headed ogres
  4 death yaks (Lair:6)
  Urug (Lair:4)
  The ghost of p0werm0de the Cleaver, a novice DsFi of Qazlal (Lair:1)
  An orc high priest (Orc:1)
  Pikel (D:5)
  4 orc knights
  2 orc sorcerers (Orc:2)
  An ugly thing (D:8)
  11 elephants
  A cyclops (Orc:1)
  2 torpor snails
  5 black mambas
  12 spiny frogs
  3 komodo dragons
  2 rime drakes
  4 polar bears
  A troll (Orc:2)
  A tyrant leech (Lair:4)
  12 blink frogs
  Prince Ribbit (D:8)
  6 hippogriffs
  4 dream sheep
  Sigmund (D:2)
  2 wyverns (Lair:3)
  Eustachio (D:4)
  31 yaks
  Grum (D:10)
  5 wraiths
  3 basilisks
  A hungry ghost (D:8)
  A swamp worm (Lair:4)
  2 wargs (Orc:1)
  4 nagas (Lair:4)
  9 water moccasins
  6 porcupines
  2 slaves
  A sky beast (D:10)
  19 orc warriors
  3 ice beasts
  A black bear (Lair:6)
  An eye of draining (D:10)
  19 wolves
  5 ogres
  4 phantoms
  A centaur (D:6)
  18 crocodiles
  3 big kobolds (D:9)
  Blork the orc (D:4)
  10 bullfrogs
  2 wyvern skeletons
  4 scorpions
  5 jellies
  4 wights (D:7)
  2 electric eels (Lair:4)
  2 howler monkeys
  4 crimson imps
  2 bullfrog zombies
  8 hounds
  8 orc priests
  18 orc wizards
  A bullfrog skeleton (D:3)
  A gnoll shaman (D:5)
  Jessica (D:3)
  Ijyb (D:3)
  3 iguanas
  6 worker ants
  A hound skeleton (D:9)
  9 gnolls
  15 adders
  3 shadow imps
  2 adder skeletons (D:4)
  6 worms
  2 dart slugs
  8 leopard geckos
  85 orcs
  3 giant cockroaches
  7 hobgoblins
  10 jackals
  12 kobolds
  2 quokkas
  A ball python (D:2)
  4 bats
  6 frilled lizards
  5 goblins
  A jackal skeleton (D:4)
  A leopard gecko zombie (D:5)
  6 rats
  2 fungi
  A plant (Lair:3)
510 creatures vanquished.

Vanquished Creatures (collateral kills)
  Josephine (Lair:6)
  An orc high priest (Orc:2)
  An orc knight (Orc:2)
  An elephant (Lair:6)
  A polar bear (Lair:6)
  4 blink frogs (Lair:1)
  2 wraiths (Lair:6)
  2 wargs (Orc:2)
  2 orc warriors (Orc:2)
  An orc priest (Orc:2)
  An orc wizard (Orc:2)
  3 orcs (Orc:2)
20 creatures vanquished.

Vanquished Creatures (others)
  An ogre (D:5)
  An orc priest (D:5)
  2 orcs (D:5)
  10 fungi
  7 plants
21 creatures vanquished.

Grand Total: 551 creatures vanquished

Notes
Turn   | Place    | Note
-------+----------+-------------------------------------------
     0 | D:1      | Profistyle the Vine Stalker Fighter began the quest for the Orb.
     0 | D:1      | Reached XP level 1. HP: 11/11 MP: 2/2
   185 | D:1      | Reached XP level 2. HP: 15/16 MP: 3/3
   214 | D:1      | Reached skill level 1 in Dodging
   497 | D:1      | Reached XP level 3. HP: 19/19 MP: 4/4
  1057 | D:2      | Noticed Sigmund
  1178 | D:2      | Found a sacrificial altar of Ru.
  1237 | D:2      | Gained mutation: Your natural rate of healing is unusually fast. [Vine Stalker growth]
  1237 | D:2      | Reached XP level 4. HP: 22/24 MP: 5/5
  1274 | D:2      | Gained mutation: You have supernaturally acute eyesight. (SInv) [potion of mutation]
  1274 | D:2      | Gained mutation: Your muscles are strong. (Str +2) [potion of mutation]
  1290 | D:2      | Killed Sigmund
  1290 | D:2      | Reached XP level 5. HP: 29/29 MP: 2/6
  1369 | D:2      | Found a glowing golden altar of the Shining One.
  1522 | D:2      | Found a sparkling altar of Nemelex Xobeh.
  1522 | D:2      | Found a shimmering altar of Xom.
  1525 | D:2      | Found a bloodstained altar of Trog.
  1810 | D:3      | Reached XP level 6. HP: 33/33 MP: 7/7
  1858 | D:3      | Found a shattered altar of Ashenzari.
  2004 | D:3      | Found an iron altar of Okawaru.
  2045 | D:3      | Noticed Ijyb
  2055 | D:3      | Killed Ijyb
  2430 | D:3      | Noticed Jessica
  2437 | D:3      | Killed Jessica
  2465 | D:3      | Reached XP level 7. HP: 36/37 MP: 8/8
  2926 | D:4      | Noticed Eustachio
  2931 | D:4      | Got a twisted dagger
  2935 | D:4      | Identified the +4 dagger of the Volcano {flame, Fragile rN++ MR- Stlth+} (You found it on level 4 of the Dungeon)
  2963 | D:4      | Killed Eustachio
  3040 | D:4      | Noticed Blork the orc
  3046 | D:4      | Killed Blork the orc
  3052 | D:4      | Gained mutation: You have razor-sharp teeth. [Vine Stalker growth]
  3052 | D:4      | Reached XP level 8. HP: 42/42 MP: 9/9
  3115 | D:4      | Reached skill level 5 in Shields
  3481 | D:4      | Reached skill level 5 in Fighting
  3640 | D:4      | Found an ornate altar of the Wu Jian Council.
  3660 | D:4      | Found a stormy altar of Qazlal.
  3721 | D:5      | Entered Level 5 of the Dungeon
  3724 | D:5      | Noticed Pikel
  4043 | D:5      | Found Bomeit's Assorted Antiques.
  4124 | D:5      | Reached skill level 5 in Short Blades
  4282 | D:5      | Killed Pikel
  4282 | D:5      | Reached XP level 9. HP: 37/48 MP: 10/10
  4942 | D:6      | Found a staircase to the Ecumenical Temple.
  4954 | D:6      | Found a glowing silver altar of Zin.
  4975 | Temple   | Entered the Ecumenical Temple
  4999 | Temple   | Became a worshipper of Makhleb the Destroyer
  5216 | D:6      | Reached skill level 1 in Invocations
  6175 | D:7      | Found a basalt altar of Yredelemnul.
  6181 | D:7      | Reached XP level 10. HP: 51/53 MP: 11/13
  6243 | D:7      | Got a smoking whip
  6244 | D:7      | Identified the +9 whip "Tooddaezer" {venom, +Inv rElec rN+} (You found it on level 7 of the Dungeon)
  6569 | D:7      | Reached * piety under Makhleb
  6579 | D:7      | Got a pair of dazzling gloves
  6586 | D:7      | Identified the cursed -5 pair of gloves "Damnable Contraption" {Str+3} (You found it on level 7 of the Dungeon)
  6727 | D:7      | Reached skill level 1 in Maces & Flails
  6763 | D:8      | Noticed a brown ugly thing
  6770 | D:8      | Killed a brown ugly thing
  6832 | D:8      | Noticed Prince Ribbit
  6839 | D:8      | Killed Prince Ribbit
  7031 | D:8      | Noticed a two-headed ogre
  7047 | D:8      | Killed a two-headed ogre
  7112 | D:8      | Found an opulent altar of Gozag.
  7217 | D:8      | Found a snail-covered altar of Cheibriados.
  7555 | D:9      | Found Wupel's Armour Boutique.
  7572 | D:9      | Noticed a two-headed ogre
  7592 | D:9      | Killed a two-headed ogre
  7592 | D:9      | Reached skill level 5 in Invocations
  7651 | D:9      | Reached ** piety under Makhleb
  7663 | D:9      | Reached XP level 11. HP: 56/60 MP: 16/16
  7819 | D:9      | Found a staircase to the Lair.
  8157 | D:9      | Noticed a three-headed hydra
  8163 | D:9      | Killed a three-headed hydra
  8165 | D:9      | Reached *** piety under Makhleb
  8386 | D:10     | Entered Level 10 of the Dungeon
  8399 | D:10     | Noticed Grum
  8409 | D:10     | Killed Grum
  8498 | D:10     | Got a translucent plate armour
  8499 | D:10     | Identified the +2 plate armour "Veshurif" {MP+9} (You found it on level 10 of the Dungeon)
  8727 | D:10     | Noticed Fannar
  8741 | D:10     | Killed Fannar
  8741 | D:10     | Reached skill level 5 in Maces & Flails
  8801 | D:10     | Got a fine scale mail
  8812 | D:10     | Identified the +6 scale mail "Eraurez" {MR- Str+2 Stlth+} (You found it on level 10 of the Dungeon)
  8825 | D:10     | Found a staircase to the Orcish Mines.
  9101 | Lair:1   | Entered Level 1 of the Lair of Beasts
  9178 | Lair:1   | Noticed p0werm0de's ghost (novice DsFi)
  9195 | Lair:1   | Killed p0werm0de's ghost
  9540 | Lair:1   | You fall through a shaft!
  9657 | Lair:1   | Noticed Harold
  9677 | Lair:1   | Killed Harold
  9677 | Lair:1   | Gained mutation: You heal very quickly. [Vine Stalker growth]
  9677 | Lair:1   | Reached XP level 12. HP: 43/66 MP: 18/18
 10391 | Lair:2   | Reached **** piety under Makhleb
 10647 | Lair:3   | Noticed a seven-headed hydra
 10655 | Lair:3   | Killed a seven-headed hydra
 10943 | Lair:3   | Reached skill level 10 in Fighting
 11011 | Lair:3   | Reached skill level 10 in Shields
 11101 | Lair:3   | Identified a scroll of acquirement
 11650 | Lair:4   | Reached XP level 13. HP: 70/72 MP: 20/20
 11688 | Lair:4   | Found a staircase to the Snake Pit.
 12092 | Lair:4   | Noticed Urug
 12102 | Lair:4   | Killed Urug
 12410 | Lair:4   | Reached ***** piety under Makhleb
 12431 | Lair:4   | Found a staircase to the Swamp.
 12974 | Lair:5   | Got a brightly glowing hat
 12980 | Lair:5   | Identified the +2 hat "Weowosen" {+Inv Dex+2 SInv} (You acquired it on level 5 of the Lair of Beasts)
 13395 | Lair:5   | Reached skill level 5 in Dodging
 13528 | Lair:6   | Entered Level 6 of the Lair of Beasts
 13579 | Lair:6   | Reached skill level 10 in Invocations
 13690 | Lair:6   | Found a frozen archway.
 13978 | Lair:6   | Noticed Josephine
 13990 | Lair:6   | Killed Josephine
 14059 | Lair:6   | Reached XP level 14. HP: 79/79 MP: 22/22
 14181 | Lair:6   | Got a bronze plate armour
 14192 | Lair:6   | Identified the +3 plate armour of Sotoxtun {MR+} (You found it on level 6 of the Lair of Beasts)
 14409 | Lair:6   | Found a staircase to the Slime Pits.
 14409 | Lair:6   | Found a viscous altar of Jiyva.
 14998 | Orc:1    | Entered Level 1 of the Orcish Mines
 15093 | Orc:2    | Entered Level 2 of the Orcish Mines
 15290 | Orc:2    | Found a staircase to the Elven Halls.
 15353 | Orc:2    | Found a roughly hewn altar of Beogh.
 15367 | Orc:2    | Reached skill level 10 in Maces & Flails
 15440 | Orc:2    | Found Ojipel Ysso's Book Emporium.
 15714 | Orc:2    | Noticed an orc warlord
 15819 | Orc:1    | Upgraded the game from 0.21-a0-229-g3587535 to 0.21-a0-265-gb353147
 15819 | Orc:1    | Quit the game

Vault maps used:
D:1:      evilmike_arrival_crescent
D:2:      minitemple, tso_metal_star, first_bread,
          nicolae_ru_the_path_less_chosen, uniq_sigmund
D:3:      lemuel_crystal_altar, old_standard_altar, grunt_ministairs_8,
          kennysheep_generic_room_9, uniq_ijyb, uniq_jessica
D:4:      kennysheep_mini_moat, grunt_qazlal_sundering, uniq_eustachio,
          uniq_blork_the_orc
D:5:      serial_shops, nicolae_shop_behind_doors, kennysheep_boxes, uniq_pikel
D:6:      lemuel_crystal_altar, minmay_temple_entry_junction_2
D:7:      yredelemnul_altar_generic
D:8:      kennysheep_mini, lemuel_crystal_altar, uniq_prince_ribbit1
D:9:      dpeg_oklobed_lair, special_room, serial_shops, nicolae_shop_trees,
          hangedman_ranch
D:10:     minmay_curly_fans, uniq_fannar, uniq_grum
Temple:   compressed_dpeg_circular_temple
Lair:1:   uniq_harold
Lair:2:   lemuel_old_faithful
Lair:3:   minmay_lair_oklob_chamber, lemuel_fruit_fields, grunt_megastairs_4,
          infiniplex_staircase_pool
Lair:4:   minmay_swamp_entry_worms, minmay_snake_entry_guardpost_small,
          serial_bayou_shore_a, serial_bayou_shore_b, uniq_urug
Lair:6:   grunt_lair_end_beastmaster, slime_altar_1,
          portal_ice_cave_entry_pillars_2, grunt_megastairs_1, uniq_josephine
Orc:1:    uniq_erolcha, uniq_erica
Orc:2:    grunt_orc_cross, serial_shops, shop_statue, shop, mines2_david

Skill      XL: |  1  2  3  4  5  6  7  8  9 10 11 12 13 14 |
---------------+-------------------------------------------+-----
Short Blades   | 2 3 4 5 6 |  6.4
Dodging        | 1 2 3 4 5 6 |  6.5
Fighting       | 3 4 6 8 9 10 11 | 11.9
Shields        | 3 4 6 7 9 10 | 10.7
Invocations    | 3 5 7 9 10 11 | 11.2
Maces & Flails | 3 6 7 9 10 | 10.0
Armour         | |  2.4

Action                   |  1- 3 |  4- 6 |  7- 9 | 10-12 | 13-15 || total
-------------------------+-------+-------+-------+-------+-------++-------
Melee: Rapier            |   100 |   161 |   381 |       |       ||   642
       Bite              |    13 |    41 |   152 |   229 |   318 ||   753
       Whip              |       |       |       |   514 |   659 ||  1173
Invok: Minor Destruction |       |       |       |    29 |    10 ||    39
       Lesser Servant of |       |       |       |     3 |     7 ||    10
  Use: Potion            |     1 |     3 |       |       |       ||     4
       Scroll            |       |       |    18 |    10 |     7 ||    35
 Stab: Distracted        |       |       |       |       |     1 ||     1
  Eat: Chunk             |     1 |     4 |    11 |    16 |    14 ||    46
       Bread ration      |       |       |     1 |       |       ||     1
Armor: Scale mail        |    38 |    28 |       |       |       ||    66
       Skin              |       |     4 |       |       |       ||     4
       Chain mail        |       |    50 |   110 |    40 |       ||   200
       Plate armour      |       |       |       |   140 |   188 ||   328
Dodge: Dodged            |    37 |    61 |    99 |   122 |   130 ||   449
       Deflected         |       |       |     2 |     2 |     6 ||    10
Block: Shield            |    55 |   107 |   230 |   303 |   347 ||  1042

Table legend:
 A = Spawn XP
 B = Non-spawn XP
 C = Spawn XP percentage of total XP
 D = Spawn monster count
 E = Non-spawn monster count
 F = Spawn count percentage of total count
 G = Total turns spent on level
                    A         B        C        D         E        F      G
               +---------+---------+-------+---------+---------+-------+---------
         Total |    6890 |   66340 |   9.4 |      70 |     456 |  13.3 | 15819
               +---------+---------+-------+---------+---------+-------+---------
           D:1 |       3 |      34 |   8.1 |       2 |      17 |  10.5 |   733
           D:2 |       6 |     275 |   2.1 |       5 |      17 |  22.7 |  1099
           D:3 |      86 |     306 |  21.9 |      11 |      36 |  23.4 |   985
           D:4 |      90 |     733 |  10.9 |       5 |      32 |  13.5 |  1023
           D:5 |     176 |    1274 |  12.1 |       6 |      20 |  23.1 |   986
           D:6 |     155 |     655 |  19.1 |       2 |      15 |  11.8 |   926
           D:7 |     327 |    1113 |  22.7 |       4 |      24 |  14.3 |   921
           D:8 |     457 |    2244 |  16.9 |       6 |      15 |  28.6 |   750
           D:9 |      45 |    4343 |   1.0 |       1 |      44 |   2.2 |   955
          D:10 |     292 |    2080 |  12.3 |       6 |      14 |  30.0 |   712
        Lair:1 |     652 |    3985 |  14.1 |       3 |      18 |  14.3 |   874
        Lair:2 |     946 |    2116 |  30.9 |       8 |       7 |  53.3 |   734
        Lair:3 |     187 |    8858 |   2.1 |       1 |      30 |   3.2 |  1033
        Lair:4 |    1417 |    7208 |  16.4 |       3 |      26 |  10.3 |  1084
        Lair:5 |     940 |    4920 |  16.0 |       3 |      18 |  14.3 |   873
        Lair:6 |    1111 |   16727 |   6.2 |       4 |      56 |   6.7 |  1222
         Orc:1 |       0 |    4003 |   0.0 |       0 |      21 |   0.0 |   299
         Orc:2 |       0 |    5466 |   0.0 |       0 |      46 |   0.0 |   522
               +---------+---------+-------+---------+---------+-------+---------
